 Dungeon Crawl Stone Soup version 0.20-a0-465-g6513c8f (webtiles) character file.

45 Queen the Poker (level 3, -1/19 HPs)
             Began as a Vine Stalker Fighter on Jan 12, 2017.
             Slain by a gnoll
             ... wielding a +0 whip
              (2 damage)
             ... on level 3 of the Dungeon.
             The game lasted 00:02:58 (1187 turns).

Queen the Poker (Vine Stalker Fighter)              Turns: 1187, Time: 00:02:58

Health: -1/19      AC: 11    Str: 17 (18) XL:     3   Next: 64%
Magic:  0/4        EV:  2    Int:  7 (9)  God:
Gold:   120        SH:  8    Dex: 11 (13) Spells: 2/2 levels left

rFire  . . .     SeeInvis .     a - +0 trident
rCold  . . .     Gourm    .     t - +0 plate armour
rNeg   . . .     Faith    .     c - +0 shield
rPois  .         Spirit   +     (no helmet)
rElec  .         Reflect  .     (no cloak)
rCorr  .         Harm     .     (no gloves)
MR     .....                    (no boots)
Stlth  ..........               (no amulet)
                                (no ring)
                                (no ring)

@: no status effects
A: fangs 2, magic shield, antimagic bite, no potion heal 3, rot immunity
a: no special abilities


You were on level 3 of the Dungeon.
You were not hungry.

You visited 1 branch of the dungeon, and saw 3 of its levels.

You collected 120 gold pieces.

Inventory:

Hand Weapons
 a - a +0 trident (weapon)
Armour
 c - a +0 shield (worn)
 t - a +0 plate armour (worn)
Scrolls
 b - a scroll of fog {unknown}
 e - a scroll of amnesia
 h - a scroll of remove curse
 i - 2 scrolls of blinking {unknown}
 p - a scroll of fear {unknown}
 q - a scroll of enchant weapon {unknown}
 r - a scroll of teleportation {unknown}
Potions
 d - a potion of might
 l - a potion of cancellation {unknown}
 m - a potion of cure mutation {unknown}
 n - a potion of flight {unknown}
 o - a potion of agility {unknown}
Comestibles
 f - a bread ration
 s - 4 fruits


   Skills:
 - Level 2.6 Fighting
 + Level 3.3 Polearms
 - Level 2.4 Armour
 + Level 0.5 Dodging
 - Level 2.6 Shields


You had 2 spell levels left.
You didn't know any spells.

Dungeon Overview and Level Annotations

Branches:
Dungeon (3/15)

Altars:
Uskayaw


Innate Abilities, Weirdness & Mutations

You have extremely sharp teeth.
When hurt, damage is shared between your health and your magic reserves.
Your bite disrupts and absorbs the magic of your enemies.
Potions cannot restore your health.
You are immune to rotting.


Message History

The gnoll hits you with a whip.
Sorry, you're not good enough to have a special ability.
Sorry, you're not good enough to have a special ability.
You are too injured to fight recklessly!
You hit the gnoll.
The gnoll is moderately wounded.
The gnoll hits you but does no damage.
The gnoll hits you from afar with a spear.
Your shield and plate armour prevent you from hitting the gnoll.
You bite the gnoll. You drain its power.
You feel invigorated.
The gnoll is heavily wounded.
The gnoll hits you with a whip!
* * * LOW HITPOINT WARNING * * *
The gnoll barely misses you. The gnoll hits you but does no damage.
You are too injured to fight recklessly!
It was a potion of degeneration.
There was something very wrong with that liquid.
You feel weakened.
You feel dopey.
You feel clumsy. The gnoll hits you with a whip.
You die...

#.. ###.. #...#
##.#.##### .##
##..#..#..# ..##
####..#.....## ...#
......(gg..gg# ...#
........####g####..##
........<....g@.....#
........######...#.##
........# ###<...#
........# ####.#
....<...# ..
##.....## #.


You could see 3 gnolls.

Vanquished Creatures
  An adder (D:2)
  A worm (D:2)
  A dart slug (D:1)
  A leopard gecko (D:2)
  6 bats
  A goblin (D:2)
  A hobgoblin (D:1)
  7 kobolds
  A quokka (D:2)
  3 ball pythons
  2 frilled lizards
  6 rats
31 creatures vanquished.

Notes
Turn   | Place    | Note
-------+----------+-------------------------------------------
     0 | D:1      | Queen the Vine Stalker Fighter began the quest for the Orb.
     0 | D:1      | Reached XP level 1. HP: 11/11 MP: 2/2
    33 | D:1      | Reached skill level 2 in Polearms
    71 | D:1      | Reached XP level 2. HP: 16/16 MP: 3/3
   552 | D:2      | Noticed a hand axe
   553 | D:2      | Noticed a hand axe
   553 | D:2      | Found a hide-covered altar of Uskayaw.
   789 | D:2      | Reached XP level 3. HP: 19/19 MP: 4/4
   802 | D:2      | Reached skill level 3 in Polearms
  1187 | D:3      | Slain by a gnoll

Vault maps used:
D:1:      dpeg_arrival_pits
D:2:      dancing_weapons_uskayaw
D:3:      first_bread, uniq_natasha, uniq_robin, uniq_terence,
          uniq_crazy_yiuf_cottage

Skill      XL: |  1  2  3 |
---------------+----------+-----
Polearms       | 2 3 |  3.3
Fighting       | |  2.6
Armour         | |  2.4
Dodging        | |  0.5
Shields        | |  2.6

Action                   || total
-------------------------++-------
Melee: Trident           ||    95
       Bite              ||    16
  Use: Scroll            ||     2
       Potion            ||     1
  Eat: Chunk             ||     1
Armor: Scale mail        ||    13
       Plate armour      ||    10
Dodge: Dodged            ||    21
Block: Shield            ||    32
